 Dungeon Crawl Stone Soup version 0.17.0-24-gcfadda4 (console) character file.

261 Kloppie the Chopper (level 5, -10/41 HPs)
             Began as a Demonspawn Fighter on Nov 18, 2015.
             Killed by divine providence
             ... invoked by an orc priest
              (13 damage)
             ... on level 4 of the Dungeon.
             The game lasted 00:04:05 (2031 turns).

Kloppie the Chopper (Demonspawn Fighter)            Turns: 2031, Time: 00:04:06

Health: -10/41     AC: 14    Str: 18    XL:     5   Next: 96%
Magic:  0/5        EV:  7    Int:  9    God:
Gold:   197        SH:  8    Dex: 12    Spells: 0 memorised, 4 levels left

rFire  . . .     SeeInvis .     a - +0 war axe
rCold  . . .     Clarity  .     b - +0 scale mail
rNeg   . . .     SustAt   .     c - +0 shield
rPois  .         Gourm    .     l - +0 helmet
rElec  .         Spirit   +     D - +0 cloak
rCorr  .         Warding  .     y - +1 pair of gloves
rMut   .         Stasis   .     i - +2 pair of boots
MR     .....                    (no amulet)
Stlth  ..........               (no ring)
                                (no ring)

@: not resistant to hostile enchantments, extremely unstealthy
A: claws 1, magic shield
a: no special abilities


You were on level 4 of the Dungeon.
You were not hungry.

You visited 1 branch of the dungeon, and saw 4 of its levels.

You collected 197 gold pieces.

Inventory:

Hand Weapons
 a - a +0 war axe (weapon)
Armour
 b - a +0 scale mail (worn)
 c - a +0 shield (worn)
 i - a +2 pair of boots (worn)
 l - a +0 helmet (worn)
 y - a +1 pair of gloves (worn)
 D - a +0 cloak (worn)
Jewellery
 n - an uncursed amulet of the gourmand {unknown}
 B - an uncursed ring of protection from magic {unknown}
Scrolls
 f - a scroll of enchant armour {unknown}
 g - a scroll of magic mapping {unknown}
 h - 2 scrolls of teleportation {unknown}
 r - 2 scrolls of enchant weapon {unknown}
 u - a scroll of random uselessness {unknown}
 v - a scroll of remove curse {unknown}
 A - a scroll of identify {unknown}
Potions
 d - 2 potions of might
 j - a potion of heal wounds {unknown}
 m - a potion of cure mutation {unknown}
 o - a potion of agility {unknown}
 s - 2 potions of curing {unknown}
 t - a potion of degeneration {unknown}
 w - a potion of lignification {unknown}
 x - a potion of poison {unknown}
Comestibles
 e - 6 bread rations
 k - a beef jerky
 p - 3 slices of pizza
 q - 2 meat rations
 z - a royal jelly


   Skills:
 - Level 3.0 Fighting
 + Level 5.7 Axes
 - Level 2.6 Armour
 - Level 2.6 Shields


You had 4 spell levels left.
You didn't know any spells.

Dungeon Overview and Level Annotations

Branches:
Dungeon (4/15)
 Temple: D:4-7

Altars:


Innate Abilities, Weirdness & Mutations

You have sharp fingernails.
When hurt, damage is shared between your health and your magic reserves.


Message History

You are too injured to fight recklessly!
You are too injured to fight recklessly!
The orc shouts! x2
You hit the orc priest but do no damage.
The orc priest is lightly wounded.
The orc moves out of view.
The orc priest barely misses you.
You hit the orc priest.
The orc priest is moderately wounded.
You hit the orc wizard.
The orc wizard is lightly wounded.
The orc wizard hits you but does no damage.
An orc wizard comes into view. It is wielding a dagger.
The orc priest miscasts a cantrip.
The orc wizard hits you but does no damage.
The orc wizard gestures at you while chanting.
The puff of frost hits you!
* * * LOW HITPOINT WARNING * * *
The orc priest mumbles some strange prayers to Beogh against you.
Something smites you!
You die...

#.......##.....(.
#................
#................
#................
###................
#..................
#..........#...##.. .
#+###...#.....##.### ..
.o. #.#$..@.#........#
....#..oo...#.....######.
#o.o..o...#............
#o##......###.#.#......
#......# #.#........
#......###.#........
#........#.#........
#.####...#.#........ #.
#...#.#..#.....


You could see 2 orc priests, an orc wizard and 3 orcs.

Vanquished Creatures
  An orc wizard (D:3)
  Crazy Yiuf (D:3)
  Ijyb (D:3)
  Jessica (D:3)
  A worker ant (D:4)
  6 adders
  2 oozes
  A worm (D:4)
  5 orcs (D:3)
  A ball python (D:1)
  4 giant cockroaches
  5 goblins
  9 hobgoblins
  4 jackals (D:1)
  A quokka (D:4)
  5 bats
  2 giant newts
  A jackal skeleton (D:4)
  4 kobolds
  8 rats
63 creatures vanquished.

Notes
Turn   | Place    | Note
--------------------------------------------------------------
     0 | D:1      | Kloppie the Demonspawn Fighter began the quest for the Orb.
     0 | D:1      | Reached XP level 1. HP: 18/18 MP: 1/1
   318 | D:1      | Gained mutation: When hurt, damage is shared between your health and your magic reserves. [demonic ancestry]
   318 | D:1      | Reached XP level 2. HP: 24/24 MP: 2/2
   916 | D:2      | Reached XP level 3. HP: 27/29 MP: 3/3
  1213 | D:2      | Reached skill level 4 in Axes
  1213 | D:2      | Gained mutation: You have sharp fingernails. [demonic ancestry]
  1213 | D:2      | Reached XP level 4. HP: 26/35 MP: 4/4
  1423 | D:3      | Noticed Ijyb
  1457 | D:3      | Killed Ijyb
  1602 | D:3      | Noticed Crazy Yiuf
  1610 | D:3      | Killed Crazy Yiuf
  1610 | D:3      | Reached XP level 5. HP: 24/41 MP: 2/5
  1704 | D:3      | Reached skill level 5 in Axes
  1850 | D:3      | Noticed Jessica
  1857 | D:3      | Killed Jessica
  2031 | D:4      | Killed from afar by an orc priest

Action                   |  1- 3 |  4- 6 || total
-------------------------+-------+-------++-------
Melee: War axe           |   117 |   135 ||   252
  Eat: Chunk             |     1 |     3 ||     4
